 Dungeon Crawl Stone Soup version 0.27-a0-1347-gd8886f0a89 (webtiles) character file.

Game seed: 8056098421219284026

124 Brandom the Skirmisher (level 4, 0/40 HPs)
             Began as a Palentonga Artificer on June 27, 2021.
             Was a Believer of Kikubaaqudgha.
             Slain by a quokka (2 damage)
             ... on level 3 of the Dungeon.
             The game lasted 00:15:01 (3201 turns).

Brandom the Skirmisher (Palentonga Artificer)       Turns: 3201, Time: 00:15:01

Health: 0/40       AC:  4    Str: 16    XL:     4   Next: 81%
Magic:  5/5        EV:  9    Int: 12    God:    Kikubaaqudgha [**....]
Gold:   120        SH:  0    Dex: 10    Spells: 0/4 levels left

rFire    . . .     SeeInvis +   u - +1 hand axe (elec)
rCold    . . .     Faith    .   (no shield)
rNeg     . . .     Spirit   .   b - +0 leather armour
rPois    .         Reflect  .   (helmet restricted)
rElec    .         Harm     .   (no cloak)
rCorr    .         Rampage  .   (no gloves)
Will     .....                  (no barding)
Stlth    +.........             (no amulet)
HPRegen  0.13/turn              m - ring of wizardry
MPRegen  0.09/turn              (no ring)

@: mighty
A: large, rugged brown scales 3, see invisible, deformed body, roll 1, armoured
tail, horns 1, robust 1
a: Rolling Charge, Renounce Religion, Receive Corpses


You were on level 3 of the Dungeon.
You worshipped Kikubaaqudgha.
Kikubaaqudgha was pleased with you.
You visited 1 branch of the dungeon, and saw 3 of its levels.

You collected 120 gold pieces.

Inventory:

Hand Weapons
 a - a +0 club
 j - a +0 hand axe
   (You found it on level 1 of the Dungeon)
 l - a +0 whip
   (You took it off a goblin on level 2 of the Dungeon)
 u - a +1 hand axe of electrocution (weapon)
   (You found it on level 2 of the Dungeon)
Missiles
 n - a throwing net {!f}
Armour
 b - a +0 leather armour (worn)
 o - a +0 chain mail
   (You found it on level 2 of the Dungeon)
Jewellery
 h - an amulet of faith {!P}
   (You found it on level 1 of the Dungeon)
 m - a ring of wizardry (left hand)
   (You took it off a goblin on level 2 of the Dungeon)
Wands
 d - a wand of charming (13) (quivered)
 t - a wand of flame (15)
Scrolls
 f - 3 scrolls of teleportation {unknown}
 i - a scroll of holy word {unknown}
 k - 6 scrolls of identify {unknown}
 p - a scroll of vulnerability {unknown}
 r - a scroll of enchant weapon {unknown}
 s - a scroll of enchant armour {unknown}
Potions
 c - a potion of might
 g - a potion of mutation {!q}
 q - a potion of attraction {unknown}
 v - a potion of invisibility {unknown}
 w - a potion of heal wounds {unknown}
Miscellaneous
 e - a piece from Xom's chessboard (15/15)


   Skills:
 * Level 3.0 Fighting
 + Level 0.3 Axes
 + Level 2.2 Armour
 + Level 1.8 Dodging
 - Level 0.5 Stealth
 + Level 0.9 Spellcasting
 + Level 0.9 Necromancy
 - Level 2.6 Evocations


You couldn't memorise any spells.
You knew the following spells:

 Your Spells              Type           Power      Damage    Failure   Level
q - Vampiric Draining     Necr           1%         2d6       28%         3
z - Animate Skeleton      Necr           4%         N/A       11%         1

Your spell library contained the following spells:

 Spells                   Type           Power      Damage    Failure   Level
 Pain                     Necr           8%         1d4       11%         1
 Sublimation of Blood     Necr           1%         N/A       16%         2
 Ensorcelled Hibernation  Hex/Ice        0%         N/A       22%         2
 Slow                     Hex            0%         N/A       22%         2
 Gell's Gravitas          Tloc           0%         N/A       41%         3
 Silence                  Hex/Air        0%         N/A       98%         5
 Disjunction              Tloc           0%         N/A       100%        8


Dungeon Overview and Level Annotations

Branches:
Dungeon (3/15)

Altars:
Kikubaaqudgha
Qazlal

Annotations:
D:3 Sigmund


Innate Abilities, Weirdness & Mutations

You are completely covered in rugged brown scales. (AC +3, +7% HP)
You have supernaturally acute eyesight. (SInv)
Armour fits poorly on your strangely shaped body.
You can roll at nearby foes to attack.
You have a long armoured tail.
You have a pair of small horns on your head.
You are robust. (+10% HP)


Message History

You are too confused!
Are you sure you want to stumble around while confused and next to your goblin?
A quokka comes into view.
The bat hits you but does no damage.
Sigmund hits you from afar with a +0 scythe!
* * * LOW HITPOINT WARNING * * *
The bat closely misses you.
Your goblin hits Sigmund with a +0 dagger.
Are you sure you want to stumble around while confused and next to your kobold skeleton?
The bat hits you but does no damage.
Sigmund hits your goblin with a +0 scythe!
Your goblin dies!
Are you sure you want to stumble around while confused and next to your kobold skeleton?
You're too confused to move!
The bat hits you but does no damage.
Your kobold skeleton hits Sigmund with a +0 short sword.
Are you sure you want to stumble around while confused and next to your kobold skeleton?
The bat hits you but does no damage. The bat barely misses you.
The quokka closely misses you. The quokka closely misses you.
The bat closely misses you.
Your kobold skeleton hits Sigmund with a +0 short sword.
The bat hits you but does no damage. The quokka bites you.
* * * LOW HITPOINT WARNING * * *
The quokka closely misses you.
You feel less confused.
Sigmund points at you and mumbles some strange words.
The magic dart hits you.
* * * LOW HITPOINT WARNING * * *
Your kobold skeleton hits Sigmund but does no damage.
You see here 7 javelins.
The bat closely misses you. The quokka bites you.
* * * LOW HITPOINT WARNING * * *
Sigmund hits you from afar with a +0 scythe!
* * * LOW HITPOINT WARNING * * *
Your kobold skeleton hits Sigmund with a +0 short sword.
It was a potion of mutation.
You feel extremely strange.
You feel robust. A pair of horns grows on your head!
The quokka barely misses you. Sigmund closely misses you.
The bat closely misses you.
It was a potion of might.
You feel very mighty all of a sudden. The bat hits you.
* * * LOW HITPOINT WARNING * * *
The quokka bites you.
* * * LOW HITPOINT WARNING * * *
Your kobold skeleton hits Sigmund with a +0 short sword.
Sigmund hits your kobold skeleton with a +0 scythe!
Your kobold skeleton is destroyed!
The quokka bites you.
You die...
Kikubaaqudgha rasps: "You have failed me!
Welcome... death!"

.........#.#....#.#.#
.######..#.+####+.#.# ##
..#.. ..#.## #
..'########+..# .#
..............# .# .
#####..####..# ... ...
##.# #.##
........######b####.####
..............K(@.......
.........)@.r.....##
.......)......#####
..............#
####..........#
#.......$..#
#........<.#
............#
##.........?#


You could see Sigmund (unaware), a quokka, a bat and a kobold.

Vanquished Creatures
  A hound (D:2)
  An adder (D:3)
  A shadow imp (D:3)
  A worm (D:2)
  5 dart slugs
  An orc (D:2)
  7 ball pythons
  4 bats
  3 endoplasms
  5 goblins
  6 hobgoblins
  4 jackals (D:1)
  4 quokkas
  6 frilled lizards
  8 kobolds
  3 rats
60 creatures vanquished.

Vanquished Creatures (others)
  A goblin (D:3)
  13 demonic plants (D:1)
  A fungus (D:1)
  A plant (D:1)
  4 withered plants (D:1)
20 creatures vanquished.

Grand Total: 80 creatures vanquished

Notes
Turn   | Place    | Note
-------+----------+-------------------------------------------
     0 | D:1      | Brandom the Palentonga Artificer began the quest for the
                  | Orb.
     0 | D:1      | Reached XP level 1. HP: 16/16 MP: 1/1
    33 | D:1      | Reached skill level 1 in Dodging
   611 | D:1      | Reached XP level 2. HP: 10/22 MP: 2/2
   871 | D:1      | Reached skill level 2 in Fighting
  1234 | D:1      | Reached XP level 3. HP: 23/28 MP: 3/3
  1385 | D:1      | Found a faded altar of an unknown god.
  1395 | D:1      | Became a worshipper of Kikubaaqudgha
  1395 | D:1      | Reached * piety under Kikubaaqudgha
  1395 | D:1      | Received a gift from Kikubaaqudgha
  1398 | D:1      | Learned a level 1 spell: Animate Skeleton
  1941 | D:2      | Reached XP level 4. HP: 35/36 MP: 4/4
  2365 | D:2      | Identified the Tome of the Bewitching Traveller
  2371 | D:2      | Learned a level 3 spell: Vampiric Draining
  2507 | D:2      | Found a stormy altar of Qazlal.
  2611 | D:3      | Reached ** piety under Kikubaaqudgha
  2904 | D:3      | Reached skill level 3 in Fighting
  3188 | D:3      | Noticed Sigmund
  3200 | D:3      | Gained mutation: You are robust. (+10% HP) [potion of
                  | mutation]
  3200 | D:3      | Gained mutation: You have a pair of small horns on your
                  | head. [potion of mutation]
  3201 | D:3      | HP: 2/40 [quokka (1)]
  3201 | D:3      | Slain by a quokka

Illustrated notes

Levels and vault maps discovered:
D:1:      psy_arrival_dodecagon, layout_loops_corners,
          shapermc_ecumenical_altar_gd, st_stairs_2, minmay_pentomino_x2
D:2:      layout_basic, basic_altar, minmay_bisected
D:3:      layout_rooms, minivault_11, minmay_puff, uniq_sigmund

Skill      XL: |  1  2  3  4 |
---------------+-------------+-----
Dodging        | 1 |  1.8
Fighting       | 2 3 |  3.0
Armour         | 2 |  2.2
Axes           | |  0.3
Stealth        | |  0.5
Spellcasting   | |  0.9
Necromancy     | |  0.9
Evocations     | |  2.6

Action                   |  1- 3 |  4- 6 || total
-------------------------+-------+-------++-------
Melee: Club              |    16 |       ||    16
       Hand axe          |    69 |    42 ||   111
       Tailslap          |     8 |     7 ||    15
       Whip              |    14 |    48 ||    62
 Cast: Animate Skeleton  |     2 |    14 ||    16
       Vampiric Draining |       |     1 ||     1
 Abil: Rolling Charge    |    12 |     4 ||    16
Evoke: Wand              |       |     2 ||     2
  Use: Potion            |       |     2 ||     2
 Stab: Sleeping          |     2 |       ||     2
Armor: Leather armour    |    31 |    43 ||    74
Dodge: Dodged            |    52 |    72 ||   124

Table legend: (Time is in decaauts)
 A = Elapsed time spent in this place.
 B = Non-inter-level travel time spent in this place.
 C = Inter-level travel time spent in this place.
 D = Time resting spent in this place.
 E = Time spent auto-exploring this place.
 F = Levels seen in this place.
 G = Mean time per level.
                   A        B        C        D        E       F      G
               +--------+--------+--------+--------+--------+-----+--------+
         Total |   3242 |   3212 |     30 |    549 |   2033 |   3 | 1080.7 |
       Dungeon |   3242 |   3212 |     30 |    549 |   2033 |   3 | 1080.7 |
               +--------+--------+--------+--------+--------+-----+--------+

Top non-repeatable levels by time:
     D:1: 1645 daAuts
     D:2: 973 daAuts
     D:3: 623 daAuts
